 Dungeon Crawl Stone Soup version 0.31-a0-232-gb1c03b2570 (webtiles) character file.

Game seed: 4839573554192151448

60 qw the Shooter (level 4, -2/26 HPs)
             Began as a Gargoyle Hexslinger on July 7, 2023.
             Slain by a human zombie (5 damage)
             ... in an ossuary.
             The game lasted 00:00:33 (1556 turns).

qw the Shooter (Gargoyle Hexslinger)                Turns: 1556, Time: 00:00:34

Health: -2/26      AC:  7    Str: 12    XL:     4   Next: 6%
Magic:  5/5        EV: 16    Int: 13    God:
Gold:   127        SH:  0    Dex: 14    Spells: 4/5 levels left

rFire   . . .        Y - +1 sling
rCold   . . .        (no shield)
rNeg    + . .        i - +0 leather armour
rPois   inf          (no helmet)
rElec   +            g - +0 cloak
rCorr   .            (no gloves)
SInv    .            (no boots)
Will    .....        (no amulet)
Stlth   +            b - +5 ring of evasion
HPRegen 0.24/turn    (no ring)
MPRegen 0.09/turn

%: no passive effects
@: about to teleport
A: sickness immunity, AC +3, negative energy resistance 1, electricity
resistance, torment resistance 1, petrification resistance
a: no special abilities


You were in an ossuary.
You visited 1 branch of the dungeon, and saw 4 of its levels.
You also visited: Ossuary.

You collected 127 gold pieces.


Innate Abilities, Weirdness & Mutations

You are immune to sickness and miasma.
Your stone body is resilient. (AC +3)
You are immune to poison.
You resist negative energy. (rN+)
You are resistant to electric shocks. (rElec)
You are resistant to unholy torment.
You are immune to petrification.


   Skills:
 - Level 2.0 Fighting
 + Level 3.9 Ranged Weapons
 - Level 1.5 Dodging
 - Level 1.0 Spellcasting
 - Level 2.6 Hexes


You had 4 spell levels left.
You knew the following spells:

 Your Spells              Type           Power      Damage    Failure   Level
a - Slow                  Hex            28%        N/A       12%         1

Your spell library contained the following spells:

 Spells                   Type           Power      Damage    Failure   Level
 Inner Flame              Hex/Fire       4%         N/A       52%         3
 Portal Projectile        Hex/Tloc       8%         N/A       52%         3
 Cause Fear               Hex            3%         N/A       75%         4

Inventory:

Hand Weapons
 Y - a +1 sling (weapon)
Armour
 g - a +0 cloak (worn)
 i - a +0 leather armour (worn)
Jewellery
 b - a +5 ring of evasion (left hand)
Scrolls
 a - a scroll of identify
 l - 3 scrolls of teleportation
Potions
 c - 2 potions of heal wounds
 d - a potion of curing {unknown}
 e - a potion of brilliance {unknown}
 h - a potion of mutation {unknown}
 j - a potion of might
 k - a potion of degeneration {unknown}

Dungeon Overview and Level Annotations

Branches:
Dungeon (3/15)            Ossuary (1/1)

Altars:
Ashenzari


Message History

The human zombie hits you but does no damage.
You shoot a sling bullet. The sling bullet hits the human zombie.
The human zombie is moderately damaged.
The centaur zombie hits you. The centaur zombie barely misses you.
The centaur zombie misses you.
The centaur zombie kicks you but does no damage.
The human zombie completely misses you.
You shoot a sling bullet. The sling bullet hits the human zombie.
The human zombie is moderately damaged.
The centaur zombie barely misses you. The centaur zombie kicks you.
The human zombie closely misses you.
The centaur zombie closely misses you. x2
You shoot a sling bullet.
The sling bullet barely misses the human zombie.
The centaur zombie hits you but does no damage.
The centaur zombie kicks you but does no damage.
The human zombie hits you.
You shoot a sling bullet. The sling bullet hits the human zombie.
The human zombie is moderately damaged.
The centaur zombie hits you.
The centaur zombie kicks you but does no damage.
The centaur zombie completely misses you.
The centaur zombie closely misses you.
The human zombie hits you but does no damage.
You shoot a sling bullet. The sling bullet hits the human zombie.
The human zombie is heavily damaged.
The centaur zombie hits you but does no damage.
The centaur zombie kicks you. The human zombie misses you.
The centaur zombie hits you. The centaur zombie barely misses you.
You shoot a sling bullet.
The sling bullet hits the human zombie but does no damage.
The human zombie is heavily damaged.
The centaur zombie hits you.
The centaur zombie completely misses you.
The human zombie hits you.
1556 ||| READING 4 scrolls of teleportation.
As you read the scroll of teleportation, it crumbles to dust.
You feel strangely unstable. The centaur zombie barely misses you.
The centaur zombie misses you. The human zombie hits you.
You die...

######### ###
#...#...#...#
#.\.'...8...#
#...#.@Z....#
##'###8Z..8##
#...#.......#
#.\.#...8...+
#...#...#...#
#############


You could see a centaur zombie and a human zombie.

Vanquished Creatures
  2 adders (D:3)
  2 worms (D:2)
  2 dart slugs
  5 endoplasms
  A giant cockroach (D:1)
  2 goblins
  4 kobolds
  A quokka (D:1)
  4 ball pythons
  3 bats
  2 frilled lizards
  7 rats
35 creatures vanquished.

Notes
Turn   | Place    | Note
-------+----------+-------------------------------------------
     0 | D:1      | qw the Gargoyle Hexslinger began the quest for the Orb.
     0 | D:1      | Reached XP level 1. HP: 12/12 MP: 2/2
     0 | D:1      | 0 ||| qw: Version: 0.3-a-46-gb1f654a
     0 | D:1      | 0 ||| qw: Game counter: 2490
     0 | D:1      | 0 ||| qw: Melee chars always use a shield: true
     0 | D:1      | 0 ||| qw: God list: Okawaru
     0 | D:1      | 0 ||| qw: Allow faded altars: false
     0 | D:1      | 0 ||| qw: Do Orc after clearing Dungeon:15 true
     0 | D:1      | 0 ||| qw: Do second Lair branch before Depths: true
     0 | D:1      | 0 ||| qw: Lair rune preference: random
     0 | D:1      | 0 ||| qw: Goals: Normal
     0 | D:1      | 0 ||| PLANNING D:1-11
   118 | D:1      | Reached XP level 2. HP: 16/16 MP: 3/3
   122 | D:1      | 122 ||| FLEEEEING.
   123 | D:1      | 123 ||| FLEEEEING.
   124 | D:1      | 124 ||| FLEEEEING.
   145 | D:1      | Reached skill level 3 in Ranged Weapons
   556 | D:1      | 556 ||| UPGRADING to +0 cloak.
   561 | D:1      | 561 ||| UPGRADING to +0 leather armour.
   571 | D:1      | 571 ||| DROPPING +0 robe.
   572 | D:1      | 572 ||| READING 2 scrolls labelled TUESTREDYUQ.
   573 | D:1      | 573 ||| READING 2 scrolls labelled HYWNOR PEBUOZ.
   576 | D:1      | 576 ||| DROPPING scroll of poison.
   627 | D:2      | Reached XP level 3. HP: 21/21 MP: 4/4
   967 | D:2      | Identified the +4 dagger of Equilibrium {heavy, rElec rPois
                  | Dex+5}
  1376 | D:2      | 1376 ||| UPGRADING to +5 ring of evasion.
  1377 | D:2      | 1377 ||| READING scroll labelled DIFYPOIJUTH.
  1378 | D:2      | 1378 ||| DRINKING 3 amethyst potions.
  1379 | D:2      | 1379 ||| DRINKING 2 sedimented brown potions.
  1439 | D:3      | Reached XP level 4. HP: 24/26 MP: 5/5
  1468 | D:3      | You fall into a shaft and drop 2 floors!
  1468 | D:5      | Entered Level 5 of the Dungeon
  1493 | D:5      | Found a broken altar of Ashenzari.
  1494 | D:5      | 1494 ||| PLANNING OSSUARY
  1530 | D:5      | Found a sand-covered staircase.
  1536 | Ossuary  | Entered an ossuary
  1555 | Ossuary  | HP: 3/26 [human zombie (5)]
  1556 | Ossuary  | 1556 ||| READING 4 scrolls of teleportation.
  1556 | Ossuary  | Slain by a human zombie

Levels and vault maps discovered:
D:1:      kennysheep_arrival_seaside, layout_rooms
D:2:      layout_loops_corners, shapermc_ecumenical_altar_petra
D:3:      layout_basic, reono_crystal_passage, chequers_serial_rivers_room_b
D:5:      layout_loops_corners, mainiacjoe_overflow_concentric_impassable,
          nicolae_ossuary_entry_plus
Ossuary:  ossuary_minmay_scorpions

Skill      XL: |  1  2  3 |
---------------+----------+-----
Ranged Weapons | 3 |  3.9
Fighting       | 2 |  2.0
Dodging        | |  1.5
Spellcasting   | |  1.0
Hexes          | |  2.6

Action                     |  1- 3 |  4- 6 || total
---------------------------+-------+-------++-------
   Fire: Sling             |   116 |    10 ||   126
    Use: Scroll            |     3 |     1 ||     4
         Potion            |     2 |       ||     2
 Armour: Robe              |     7 |       ||     7
         Leather armour    |     7 |     8 ||    15
  Dodge: Dodged            |    24 |    17 ||    41

Table legend:
 A = Non-vault XP
 B = Vault XP
 C = Vault XP percentage of total XP
 D = Non-vault monster count
 E = Vault monster count
 F = Vault count percentage of total count
                 A         B        C        D         E       F
            +---------+---------+-------+---------+---------+-------
      Total |      87 |       0 |   0.0 |      35 |       0 |   0.0
            +---------+---------+-------+---------+---------+-------
        D:1 |      28 |       0 |   0.0 |      17 |       0 |   0.0
        D:2 |      33 |       0 |   0.0 |      16 |       0 |   0.0
        D:3 |      26 |       0 |   0.0 |       2 |       0 |   0.0
            +---------+---------+-------+---------+---------+-------
